 Dungeon Crawl Stone Soup version 0.30.1-11-g7821555f0a (webtiles) character file.

Game seed: 9458172021711721571

676 PaiMei the Grave Robber (level 7, -1/52 HPs)
             Began as a Demonspawn Necromancer on Jan 5, 2024.
             Slain by a steam dragon (5 damage)
             ... on level 5 of the Dungeon.
             The game lasted 00:07:05 (5824 turns).

PaiMei the Grave Robber (Demonspawn Necromancer)    Turns: 5824, Time: 00:07:06

Health: -1/52      AC:  5    Str:  9    XL:     7   Next: 33%
Magic:  1/13       EV: 13    Int: 18    God:
Gold:   158        SH:  0    Dex: 13    Spells: 6/14 levels left

rFire   . . .        i - +2 spear (vamp)
rCold   . . .        (no shield)
rNeg    + . .        a - +0 robe
rPois   .            (helmet restricted)
rElec   .            x - +0 cloak
rCorr   .            o - +0 pair of gloves
SInv    .            p - +0 pair of boots
Will    .....        (no amulet)
Stlth   ++           g - ring of positive energy
HPRegen 0.28/turn    (no ring)
MPRegen 0.13/turn

%: no passive effects
@: very slightly contaminated
A: horns 1, icemail 1, condensation shield
a: no special abilities


You were on level 5 of the Dungeon.
You visited 1 branch of the dungeon, and saw 5 of its levels.

You collected 158 gold pieces.

Inventory:

Hand Weapons
 i - a +2 vampiric spear (weapon)
 q - a +1 dagger of draining
Armour
 a - a +0 robe (worn)
 o - a +0 pair of gloves (worn)
 p - a +0 pair of boots (worn)
 x - a +0 cloak (worn)
Jewellery
 d - a ring of ice
 g - a ring of positive energy (left hand)
Scrolls
 h - a scroll of noise {unknown}
 k - a scroll of fear {unknown}
 m - a scroll of fog {unknown}
 n - 2 scrolls of identify {unknown}
 s - 2 scrolls of enchant weapon {unknown}
 t - a scroll of poison {unknown}
Potions
 b - 3 potions of magic
 c - 3 potions of cancellation {unknown}
 e - a potion of resistance {unknown}
 f - a potion of mutation {unknown}
 j - 4 potions of haste {unknown}
 l - a potion of curing {unknown}
 r - a potion of invisibility {unknown}
 u - a potion of heal wounds {unknown}
 v - a potion of berserk rage {unknown}
 w - a potion of attraction {unknown}


   Skills:
 + Level 3.6 Fighting
 + Level 4.0 Dodging
 - Level 2.0 Stealth
 + Level 4.1 Spellcasting
 + Level 6.2 Necromancy


You had 6 spell levels left.
You knew the following spells:

 Your Spells              Type           Power      Damage    Failure   Level
a - Necrotise             Necr           100%       1d9       1%          1
b - Vampiric Draining     Necr           26%        2d7       3%          3
c - Animate Dead          Necr           26%        N/A       11%         4

Your spell library contained the following spells:

 Spells                   Type           Power      Damage    Failure   Level
 Cigotuvi's Dreadful Rot  Necr/Pois/Air  22%        N/A       10%         2
 Dispel Undead            Necr           26%        3d13      11%         4
 Agony                    Necr           26%        N/A       30%         5
 Death Channel            Necr           13%        N/A       86%         6


Dungeon Overview and Level Annotations

Branches:
Dungeon (5/15)
 Temple: D:4-7

Altars:
Cheibriados
Qazlal
Ru
Vehumet
Xom


Innate Abilities, Weirdness & Mutations

You have a pair of small horns on your head.
A meltable icy envelope protects you from harm. (AC +0)
A meltable shield of frost defends you. (SH +0)


Message History

The steam dragon is severely wounded.
The steam dragon bites you but does no damage.
You block the steam dragon's attack.
You hit the steam dragon.
You feel better.
Your headbutt misses the steam dragon.
The steam dragon is severely wounded.
The steam dragon barely misses you. The steam dragon claws you.
You closely miss the steam dragon.
You punch the steam dragon, but do no damage.
The steam dragon is severely wounded.
The steam dragon breathes steam at you. The ball of steam hits you!
Your icy defences dissipate!
Casting: Vampiric Draining (dangerous; 3% risk of failure)
Confirm with . or Enter, or press ? or * to list all spells.
You don't have enough magic to cast this spell.
You closely miss the steam dragon.
The steam dragon is severely wounded.
You are engulfed in a cloud of scalding steam.
The steam dragon barely misses you.
The steam dragon claws you but does no damage.
Casting: Vampiric Draining (dangerous; 3% risk of failure)
Confirm with . or Enter, or press ? or * to list all spells.
Aiming: Necrotise (safe; 1% risk of failure)
Press: ? - help, Shift-Dir - straight line, f/p - steam dragon
Aim: a steam dragon (severely wounded, catching its breath, chance to affect: 83%)
The steam dragon writhes in agony!
You are engulfed in a cloud of scalding steam.
The steam dragon bites you!
* * * LOW HITPOINT WARNING * * *
The steam dragon claws you.
* * * LOW HITPOINT WARNING * * *
You hit the steam dragon but do no damage.
You headbutt the steam dragon, but do no damage.
The steam dragon is almost dead.
You are engulfed in a cloud of scalding steam.
* * * LOW HITPOINT WARNING * * *
The steam dragon bites you but does no damage.
The steam dragon claws you.
You die...

#######
#.....#
#######
#.....#
#....@#
#.....#
#.###D#
#.....# #.#
#.#
####.....###.#
#.#
...'.....'...#
#.#
...#.....#####
#.# ...#.....#
..# ...#.....#
### ...#.....#


You could see a steam dragon (catching breath).

Vanquished Creatures
  An ogre (D:4)
  A phantom (D:4)
  A hound (D:4)
  A jelly (D:4)
  4 orc priests
  A gnoll bouda (D:4)
  An orc wizard (D:2)
  A sleepcap (D:5)
  7 adders
  4 gnolls
  An ufetubus (D:4)
  2 worms (D:2)
  5 dart slugs
  16 orcs
  3 ball pythons
  7 endoplasms
  6 giant cockroaches
  7 goblins
  8 hobgoblins
  6 jackals
  8 kobolds
  4 quokkas
  5 bats
  4 frilled lizards (D:3)
  14 rats
118 creatures vanquished.

Vanquished Creatures (collateral kills)
  2 adders
  An endoplasm (D:1)
  A hobgoblin (D:3)
  A jackal (D:1)
  A quokka (D:3)
  A rat (D:2)
7 creatures vanquished.

Grand Total: 125 creatures vanquished

Notes
Turn   | Place    | Note
-------+----------+-------------------------------------------
     0 | D:1      | PaiMei the Demonspawn Necromancer began the quest for the
                  | Orb.
     0 | D:1      | Reached XP level 1. HP: 13/13 MP: 3/3
   101 | D:1      | Gained mutation: A meltable shield of frost defends you.
                  | (SH +0) [demonic ancestry]
   101 | D:1      | Reached XP level 2. HP: 7/19 MP: 0/5
   760 | D:1      | Gained mutation: A meltable icy envelope protects you from
                  | harm. (AC +0) [demonic ancestry]
   760 | D:1      | Reached XP level 3. HP: 25/25 MP: 1/6
  1068 | D:1      | Found a faded altar of an unknown god.
  1416 | D:2      | Reached skill level 1 in Fighting
  1533 | D:2      | Reached XP level 4. HP: 32/32 MP: 2/8
  1695 | D:2      | Reached skill level 5 in Necromancy
  2455 | D:3      | Found a radiant altar of Vehumet.
  2475 | D:3      | Gained mutation: You have a pair of small horns on your
                  | head. [demonic ancestry]
  2475 | D:3      | Reached XP level 5. HP: 38/38 MP: 6/9
  3780 | D:3      | Reached XP level 6. HP: 46/46 MP: 6/11
  3910 | D:3      | Found a snail-covered altar of Cheibriados.
  4089 | D:3      | Found a stormy altar of Qazlal.
  4623 | D:3      | Learned a level 3 spell: Vampiric Draining
  4628 | D:3      | Learned a level 4 spell: Animate Dead
  5120 | D:4      | Reached skill level 6 in Necromancy
  5120 | D:4      | Reached XP level 7. HP: 48/52 MP: 6/12
  5326 | D:4      | Found a shimmering altar of Xom.
  5425 | D:4      | Found a shimmering altar of Xom.
  5425 | D:4      | Found a shimmering altar of Xom.
  5618 | D:4      | Found a sacrificial altar of Ru.
  5641 | D:5      | Entered Level 5 of the Dungeon
  5807 | D:5      | Noticed a steam dragon
  5824 | D:5      | Slain by a steam dragon

Illustrated notes

Levels and vault maps discovered:
D:1:      dpeg_arrival_boxes_within_box, layout_loops_ring,
          ebering_ecumenical_altar_mist
D:2:      layout_basic
D:3:      layout_rooms, kennysheep_slug_shrine, vehumet_crystals,
          grunt_qazlal_sundering, minmay_surrounded
D:4:      layout_rooms, xom_redecorated, mainiacjoe_overflow_alcove_4
D:5:      layout_basic, trog_hazing_becter, minmay_temple_entry_slanted

Skill      XL: |  1  2  3  4  5  6  7 |
---------------+----------------------+-----
Stealth        | 2 |  2.0
Dodging        | 2 3 4 |  4.0
Fighting       | 1 2 3 |  3.6
Necromancy     | 5 6 |  6.2
Spellcasting   | 3 4 |  4.1

Action                     |  1- 3 |  4- 6 |  7- 9 || total
---------------------------+-------+-------+-------++-------
  Melee: Dagger            |    11 |       |       ||    11
         Spear             |       |   125 |    19 ||   144
         Headbutt          |       |    16 |     5 ||    21
         Punch             |       |     2 |     1 ||     3
   Cast: Necrotise         |    68 |   132 |    21 ||   221
         Vampiric Draining |       |     2 |     5 ||     7
   Stab: Distracted        |       |     1 |       ||     1
 Armour: Robe              |     9 |    69 |    11 ||    89
  Dodge: Dodged            |    23 |   129 |    12 ||   164
  Block: Other             |     2 |    33 |     1 ||    36
